 Dungeon Crawl Stone Soup version 0.31.0-11-ge490571c62 (webtiles) character file.

Game seed: 4065248779538379565

14681 hawla the Spear-Bearer (level 11, -9/86 HPs)
             Began as a Minotaur Fighter on Feb 8, 2024.
             Was a Priest of Makhleb.
             Mangled by a two-headed ogre
             ... wielding a +0 giant club
              (20 damage)
             ... on level 12 of the Dungeon.
             The game lasted 00:34:56 (10321 turns).

hawla the Spear-Bearer (Minotaur Fighter)          Turns: 10321, Time: 00:34:56

Health: -9/86      AC: 21    Str: 25    XL:     11   Next: 91%
Magic:  10/10      EV: 14    Int:  5    God:    Makhleb [***...]
Gold:   67         SH: 17    Dex: 10    Spells: 10/10 levels left

rFire   . . .        A - +4 trident (drain)
rCold   . . .        F - +2 tower shield of Watchfulness {rPois}
rNeg    . . .        C - +2 storm dragon scales
rPois   +            (helmet restricted)
rElec   +            L - scarf {repulsion}
rCorr   +            i - +0 pair of gloves
SInv    .            q - +0 pair of boots
Will    .....        (no amulet) Stlth
                     B - ring of resist corrosion
HPRegen 0.34/turn    H - +5 ring of evasion
MPRegen 0.12/turn

%: repel missiles
@: no status effects
A: horns 2, retaliatory headbutt
a: Renounce Religion, Minor Destruction, Lesser Servant of Makhleb


You were on level 12 of the Dungeon.
You worshipped Makhleb.
Makhleb was most pleased with you.
You visited 1 branch of the dungeon, and saw 12 of its levels.
You also visited: Sewer.

You collected 846 gold pieces.
You spent 779 gold pieces at shops.

Inventory:

Hand Weapons
 k - a +3 trident of holy wrath
 y - the +0 spear "Fualaxio" {protect, rPois rN++}
   (You found it on level 8 of the Dungeon)

   rPois:     It protects you from poison rN++: It greatly protects you from
   negative energy.
 A - a +4 trident of draining (weapon)
 J - a +2 war axe of electrocution
Missiles
 p - 10 poisoned darts (quivered)
Armour
 c - a +0 buckler
 i - a +0 pair of gloves (worn)
 q - a +0 pair of boots (worn)
 u - a +0 troll leather armour {Pargi}
 C - +2 storm dragon scales (worn)
 E - the +5 robe of Subjectivity {Stlth+}
   (You bought it in a shop on level 7 of the Dungeon)

   Stlth+:    It makes you more stealthy.
 F - the +2 tower shield of Watchfulness (worn) {rPois}
   (You bought it in a shop on level 7 of the Dungeon)

   rPois:     It protects you from poison
 L - a scarf of repulsion (worn)
Jewellery
 w - an amulet of faith
 B - a ring of resist corrosion (left hand)
 H - a +5 ring of evasion (right hand)
Wands
 b - a wand of mindburst (18)
 e - a wand of digging (8)
 f - a wand of charming (14)
 z - a wand of flame (25)
 K - a wand of polymorph (4)
Scrolls
 h - 6 scrolls of teleportation
 l - a scroll of blinking
 o - 2 scrolls of fear
 s - 3 scrolls of fog
 x - 2 scrolls of identify
Potions
 a - a potion of resistance
 d - 4 potions of might
 j - a potion of berserk rage
 m - 5 potions of enlightenment
 n - 5 potions of curing
 r - 2 potions of haste
 t - a potion of brilliance
 v - a potion of heal wounds
 D - 2 potions of cancellation {unknown}
 G - a potion of mutation {unknown}
 I - a potion of invisibility {unknown}


   Skills:
 - Level 5.0 Fighting
 - Level 2.4(9.3) Axes
 - Level 13.8(14.0) Polearms
 + Level 13.8 Armour
 - Level 6.0 Dodging
 + Level 11.1 Shields


You had 10 spell levels left.
You didn't know any spells.
Your spell library was empty.

Dungeon Overview and Level Annotations

Branches:
Dungeon (12/15)            Temple (0/1) D:7            Lair (0/5) D:11
    Orc (0/2) D:9           Sewer (visited)

Altars:
Cheibriados
Elyvilon
Fedhas
Kikubaaqudgha
Makhleb
Nemelex Xobeh
Ru
Sif Muna
Trog
Uskayaw
Zin
The Shining One

Shops:
D:4 ?   D:5 :   D:6 (   D:7 [   D:10 :


Innate Abilities, Weirdness & Mutations

You have a pair of horns on your head.
You reflexively headbutt those who attack you in melee.


Message History

The ice devil closely misses you. You block the chaos spawn's attack.
Unknown command.
As you read the scroll of teleportation, it crumbles to dust.
You feel strangely unstable.
The kobold demonologist closely misses you.
You furiously retaliate!
You headbutt the kobold demonologist.
The kobold demonologist hits you but does no damage.
You block the ice devil's attack. You block the chaos spawn's attack.
The ice devil disappears in a puff of smoke!
You block the kobold demonologist's attack.
The soul eater draws from the surrounding life force!
The kobold demonologist attacks as it pursues you!
You block the kobold demonologist's attack.
The iron imp hits you but does no damage.
Your surroundings suddenly seem different.
A two-headed ogre comes into view.
It is wielding a +0 giant club and a +0 giant spiked club.
Found 8 gold pieces.
The two-headed ogre shouts in stereo!
You hear a shout!
An acid dragon comes into view.
Reach: A) +4 trident (drain)
Press: ? - help, Dir - move target, f - two-headed ogre
Aim: a two-headed ogre, wielding a +0 giant club and a +0 giant spiked club (about 20% to evade your +4 trident of draining)
You reach to attack!
You puncture the two-headed ogre!
The two-headed ogre is moderately wounded.
You puncture the two-headed ogre!
Your headbutt misses the two-headed ogre.
The two-headed ogre is heavily wounded.
You block the two-headed ogre's attack. x2
The acid dragon spits acid at you. The splash of acid hits you. You resist.
You hear a bellow!
You puncture the two-headed ogre!
The two-headed ogre is severely wounded.
A cyclops comes into view.
You hit the two-headed ogre.
The two-headed ogre is severely wounded.
The two-headed ogre hits you with a +0 giant club!!
* * * LOW HITPOINT WARNING * * *
The two-headed ogre hits you with a +0 giant spiked club!!
You die...

...## ...#.## ##
..D..#.#.# .........##
..... ..........#
..... C.........# #...
.........# #..#
....$.O@# ...#
............#
...#...............#
...#.................
.<.............##.....
...#.......##..
...#... (..#....## #..
..###.# ....... # ...
... .# ...#...#


You could see a two-headed ogre, a cyclops and an acid dragon (catching breath).

Vanquished Creatures
  Josephine (D:11)
  A boulder beetle (D:9)
  A two-headed ogre (D:8)
  A tengu warrior (D:9)
  A steelbarb worm (D:12)
  A deep elf pyromancer (D:9)
  2 oklob plants (D:11)
  A cyclops (D:10)
  Jeremiah (D:9)
  An unseen horror (D:11)
  2 kobold demonologists
  A komodo dragon (D:10)
  A troll (D:10)
  A hornet (D:9)
  Sigmund (D:6)
  2 shadows
  A water elemental (D:11)
  A wyvern (D:10)
  Eustachio (D:6)
  6 wraiths
  2 vampires
  14 yaks
  A steam dragon (D:7)
  3 vampire mosquitoes (D:11)
  Menkaure (D:6)
  An acid dragon (D:9)
  An ice beast (D:4)
  2 orc warriors
  Pargi (Sewer)
  2 sky beasts
  A black bear (D:5)
  2 phantoms
  6 centaurs
  2 bullfrogs
  2 brain worms (Sewer)
  3 gnoll sergeants
  4 scorpions
  9 killer bees
  6 howler monkeys
  8 electric eels
  2 bombardier beetles (D:5)
  6 hounds
  Crazy Yiuf (D:3)
  2 orc priests
  2 iguanas
  A sleepcap (D:4)
  8 orc wizards
  14 gnolls
  9 adders
  2 river rats (D:5)
  A shadow imp (D:8)
  A white imp (D:5)
  4 dart slugs
  2 ribbon worms
  25 orcs
  7 ball pythons
  3 endoplasms
  A giant cockroach (D:3)
  3 goblins
  5 hobgoblins
  2 jackals (D:2)
  4 quokkas
  4 bats
  9 frilled lizards
  5 kobolds
  4 rats
226 creatures vanquished.

Notes
Turn   | Place    | Note
-------+----------+-------------------------------------------
     0 | D:1      | hawla the Minotaur Fighter began the quest for the Orb.
     0 | D:1      | Reached XP level 1. HP: 19/19 MP: 0/0
   229 | D:1      | Reached XP level 2. HP: 27/27 MP: 1/1
  1059 | D:2      | Reached XP level 3. HP: 32/34 MP: 2/2
  1307 | D:3      | Found a sparkling altar of Nemelex Xobeh.
  1312 | D:3      | Found a glowing silver altar of Zin.
  1405 | D:3      | Found a blossoming altar of Fedhas.
  1423 | D:3      | Found a runed translucent door.
  1424 | D:3      | Noticed Crazy Yiuf
  1463 | D:3      | Reached skill level 5 in Fighting
  1463 | D:3      | Reached skill level 5 in Shields
  1463 | D:3      | Reached XP level 4. HP: 30/42 MP: 3/3
  2075 | D:3      | HP: 3/61 [Crazy Yiuf/+3 quarterstaff of chaos (2)]
  2077 | D:3      | Killed Crazy Yiuf
  2078 | D:3      | Reached XP level 5. HP: 5/48 MP: 0/4
  2136 | D:4      | Noticed an ice beast
  2247 | D:4      | Killed an ice beast
  2408 | D:4      | Reached XP level 6. HP: 56/56 MP: 5/5
  2412 | D:4      | Reached skill level 5 in Dodging
  2429 | D:4      | Found a hide-covered altar of Uskayaw.
  2494 | D:4      | Found Keipp's Magic Scroll Shoppe.
  2514 | D:4      | Bought a scroll of fog for 56 gold pieces
  2514 | D:4      | Bought a scroll of identify for 28 gold pieces
  2514 | D:4      | Bought a scroll of teleportation for 42 gold pieces
  2514 | D:4      | Bought a scroll of identify for 28 gold pieces
  2735 | D:4      | Found a white marble altar of Elyvilon.
  2812 | D:5      | Entered Level 5 of the Dungeon
  3206 | D:5      | Reached XP level 7. HP: 54/61 MP: 6/6
  3275 | D:5      | Reached skill level 5 in Armour
  3452 | D:5      | Found a glowing drain.
  3464 | Sewer    | Entered a sewer
  3596 | Sewer    | Noticed Pargi
  3613 | Sewer    | Killed Pargi
  3754 | Sewer    | Reached XP level 8. HP: 57/68 MP: 5/7
  4285 | D:5      | Found Welebuoz's Book Shoppe.
  4388 | D:6      | Noticed Menkaure
  4394 | D:6      | Killed Menkaure
  4521 | D:6      | Found Bemum's Antique Weapon Shoppe.
  4553 | D:6      | Reached skill level 10 in Armour
  4553 | D:6      | Reached skill level 1 in Polearms
  4598 | D:6      | Found a burning altar of Makhleb.
  4607 | D:6      | Noticed Sigmund
  4618 | D:6      | Noticed Eustachio
  4619 | D:6      | Killed Sigmund
  4639 | D:6      | Killed Eustachio
  4640 | D:6      | Reached skill level 5 in Polearms
  4662 | D:6      | Became a worshipper of Makhleb the Destroyer
  4991 | D:7      | Reached XP level 9. HP: 74/74 MP: 8/8
  5074 | D:7      | Found a shimmering blue altar of Sif Muna.
  5481 | D:7      | Found a staircase to the Ecumenical Temple.
  5628 | D:7      | Found Pyppunov's Antique Armour Shoppe.
  5636 | D:7      | Bought a distressingly furry robe for 153 gold pieces
  5636 | D:7      | Identified the +5 robe of Subjectivity {Stlth+} (You bought
                  | it in a shop on level 7 of the Dungeon)
  5636 | D:7      | Bought a buzzing tower shield for 256 gold pieces
  5636 | D:7      | Identified the +2 tower shield of Watchfulness {rPois} (You
                  | bought it in a shop on level 7 of the Dungeon)
  5986 | D:8      | Reached * piety under Makhleb
  6233 | D:8      | Noticed a two-headed ogre
  6247 | D:8      | Killed a two-headed ogre
  6466 | D:8      | Identified the +0 spear "Fualaxio" {protect, rPois rN++}
  6713 | D:9      | Noticed Jeremiah
  6713 | D:9      | Found an ancient bone altar of Kikubaaqudgha.
  6713 | D:9      | Found a bloodstained altar of Trog.
  6713 | D:9      | Found a sacrificial altar of Ru.
  6713 | D:9      | Found a snail-covered altar of Cheibriados.
  6764 | D:9      | Killed Jeremiah
  6928 | D:9      | Reached XP level 10. HP: 81/81 MP: 9/9
  6974 | D:9      | Found a staircase to the Orcish Mines.
  7242 | D:9      | Noticed a tengu warrior
  7243 | D:9      | Noticed a deep elf pyromancer
  7247 | D:9      | Noticed a boulder beetle
  7255 | D:9      | Reached ** piety under Makhleb
  7512 | D:9      | Killed a boulder beetle
  7523 | D:9      | Killed a deep elf pyromancer
  7679 | D:9      | Killed a tengu warrior
  7733 | D:9      | Found a glowing golden altar of the Shining One.
  7922 | D:10     | Entered Level 10 of the Dungeon
  7939 | D:10     | Reached XP level 11. HP: 81/86 MP: 10/10
  8133 | D:10     | Found Etacyim's Tiny Tomes.
  8955 | D:11     | Noticed Josephine
  8978 | D:11     | Killed Josephine
  9377 | D:11     | Found a sparkling altar of Nemelex Xobeh.
  9517 | D:11     | Noticed an oklob plant
  9519 | D:11     | Found a staircase to the Lair.
  9520 | D:11     | Noticed an oklob plant
  9531 | D:11     | Killed an oklob plant
  9532 | D:11     | Reached skill level 10 in Shields
  9543 | D:11     | Killed an oklob plant
  9821 | D:11     | Reached *** piety under Makhleb
 10116 | D:7      | Bought an embroidered scarf for 216 gold pieces
 10276 | D:12     | Noticed a steelbarb worm
 10287 | D:12     | Killed a steelbarb worm
 10309 | D:12     | Noticed a soul eater
 10317 | D:12     | Noticed a two-headed ogre
 10321 | D:12     | Mangled by a two-headed ogre

Illustrated notes

Levels and vault maps discovered:
D:1:      minmay_arrival_cross, layout_loops_cross
D:2:      layout_loops_cross
D:3:      layout_loops_cross, mainiacjoe_overflow_catwalk_spiral,
          fedhas_altar_2, uniq_crazy_yiuf_cottage
D:4:      layout_gridville, lemuel_doored_altar,
          mainiacjoe_overflow_six_doors_small, serial_shops, shop
D:5:      layout_basic, serial_shops, shop, serial_curves, eino_curves_03,
          eino_curves_02, eino_curves_01, gup_sewer_entry_bubbles,
          kennysheep_small_circle
D:6:      layout_basic, mainiacjoe_overflow_small_starburst, serial_shops,
          shop_fountains, uniq_sigmund, uniq_eustachio, uniq_menkaure
D:7:      layout_loops_cross, hellmonk_sif_muna_bookshelves, temple_green,
          serial_shops, shop
D:8:      layout_basic, chequers_decorated_corner
D:9:      layout_roguey, tso_altar, chequers_temple_overflow_statue_of_worship,
          orc_0_dummy, minmay_mirror_moons_of_madness, uniq_jeremiah
D:10:     layout_rooms, chequers_big_river, nicolae_shop_i_like_small_books_too
D:11:     layout_basic, dpeg_oklobed_lair, nemelex_spade_bored_becter,
          uniq_josephine
D:12:     layout_cave_pools, special_room [special_room_orc], minivault_13

Skill      XL: |  1  2  3  4  5  6  7  8  9 10 11 |
---------------+----------------------------------+-----
Fighting       | 4 5 |  5.0
Shields        | 4 5 7 11 | 11.1
Dodging        | 3 4 6 |  6.0
Armour         | 4 8 10 11 13 | 13.8
Polearms       | 6 11 13 | 13.8
Axes           | |  2.4

Action                     |  1- 3 |  4- 6 |  7- 9 | 10-12 || total
---------------------------+-------+-------+-------+-------++-------
  Melee: War axe           |    78 |    92 |   230 |     5 ||   405
         Headbutt          |    11 |    12 |    44 |    45 ||   112
         Trident           |       |       |    87 |   381 ||   468
         Spear             |       |       |    12 |    16 ||    28
  Throw: Dart              |       |       |     4 |     2 ||     6
  Evoke: Wand              |       |       |       |     5 ||     5
    Use: Potion            |       |     3 |     1 |     1 ||     5
         Scroll            |       |     7 |     9 |     6 ||    22
 Armour: Scale mail        |    54 |    78 |   111 |       ||   243
         Troll leather arm |       |       |    67 |       ||    67
         Storm dragon scal |       |       |    99 |   243 ||   342
  Dodge: Dodged            |    31 |    57 |   184 |    86 ||   358
  Block: Buckler           |    25 |    26 |    81 |       ||   132
         Tower shield      |       |       |    83 |   280 ||   363
